 Dungeon Crawl Stone Soup version 0.18-b1-22-ge198996 (webtiles) character file.

187878 juanjsm the Sorcerer (level 17, -3/82 HPs)
             Began as a Spriggan Enchanter on May 2, 2016.
             Was a High Priest of Ashenzari.
             Slain by an Executioner (6 damage)
             ... summoned by a deep elf demonologist
             ... on level 3 of the Elven Halls on May 4, 2016.
             The game lasted 05:30:42 (41002 turns).

juanjsm the Sorcerer (Spriggan Enchanter)          Turns: 41002, Time: 05:30:43

Health: -3/82      AC:  8    Str:  4    XL:     17   Next: 89%
Magic:  37/43      EV: 37    Int: 23    God:    Ashenzari [*****.]
Gold:   1200       SH: 12    Dex: 19    Spells: 12 memorised, 16 levels left

rFire  + + .     SeeInvis +     D - +9 quick blade (curse)
rCold  + + +     Gourm    .     a - +2 robe {rC+ rF+} (curse)
rNeg   . . .     Faith    .     e - +3 buckler (curse)
rPois  +         Spirit   .     y - +2 hat (curse)
rElec  +         Dismiss  .     b - +1 cloak {MR+} (curse)
rCorr  .         Reflect  .     (gloves unavailable)
SustAt .         Harm     .     (boots unavailable)
MR     +++..     Clarity  +     v - amulet of Subirol {+Rage rElec rPois rF+} (curse)
Stlth  +++++++++.               c - +4 ring of evasion (curse)
                                G - ring of protection from cold (curse)

@: silence, very slightly contaminated, invisible, very quick, extremely
resistant to hostile enchantments, incredibly stealthy
A: unfitting armour, horns 2, see invisible, agile 1, cold resistance 1,
herbivore 3, speed 3, sense surroundings 1, slow metabolism 2
a: Renounce Religion, Evoke Berserk Rage


You were on level 3 of the Elven Halls.
You worshipped Ashenzari.
Ashenzari was extremely pleased with you.
You were near starving.

You visited 5 branches of the dungeon, and saw 29 of its levels.
You visited 1 bazaar.
You also visited: Labyrinth, Bailey and Volcano.

You collected 3364 gold pieces.
You spent 2164 gold pieces at shops.

Inventory:

Hand Weapons
 D - a cursed +9 quick blade (weapon)
Armour
 a - a cursed +2 robe of resistance (worn)
 b - a cursed +1 cloak of magic resistance (worn)
 e - a cursed +3 buckler (worn)
 t - the cursed -3 cloak of Ammui {Int+6 Stlth+}
   (You bought it in a shop in a bazaar)

   It affects your intelligence (+6).
   It makes you more stealthy.
   It has a curse placed upon it.
 y - a cursed +2 hat (worn)
 W - a fire dragon hide
Jewellery
 c - a cursed +4 ring of evasion (right hand)
 f - an uncursed amulet of magic regeneration
 v - the cursed amulet of Subirol (around neck) {+Rage rElec rPois rF+}
   (You bought it in a shop in a bazaar)

   [amulet of rage]

   It protects you from fire.
   It insulates you from electricity.
   It protects you from poison.
   It lets you go berserk.
   It has a curse placed upon it.
 G - a cursed ring of protection from cold (left hand)
 R - a +4 amulet of reflection
Wands
 m - a wand of acid (12/15)
 p - a wand of flame (35/48)
 s - a wand of paralysis (8/24)
 x - a wand of lightning (6/15)
 A - a wand of hasting (5/9)
 H - a wand of digging (16/24)
 J - a wand of enslavement (19/24)
 S - a wand of iceblast (12/15)
 U - a wand of iceblast (10/15)
Scrolls
 h - 10 scrolls of teleportation
 j - 9 scrolls of magic mapping
 o - 3 scrolls of identify
 I - a scroll of recharging
 K - a scroll of enchant armour
 M - 3 scrolls of blinking
 N - 2 scrolls of remove curse
 O - 3 scrolls of enchant weapon
 T - a scroll of fog
 V - 2 scrolls of amnesia
 Y - a scroll of silence
Potions
 g - 8 potions of curing
 l - a potion of cancellation
 n - 3 potions of invisibility
 r - 3 potions of flight
 u - 3 potions of agility
 w - a potion of resistance
 z - 6 potions of haste
 B - 2 potions of brilliance
 L - 5 potions of might
 P - 3 potions of lignification
 Q - a potion of ambrosia
Books
 q - a book of Flames

   Spells                             Type                      Level
   a - Flame Tongue                   Conjuration/Fire             1
   b - Throw Flame                    Conjuration/Fire             2
   c - Conjure Flame                  Conjuration/Fire             3
   d - Inner Flame                    Hexes/Fire                   3
   e - Sticky Flame                   Conjuration/Fire             4
   f - Fireball                       Conjuration/Fire             5
 Z - a Fen Folio

   Spells                             Type                      Level
   a - Corpse Rot                     Necromancy                   2
   b - Stone Arrow                    Conjuration/Earth            3
   c - Leda's Liquefaction            Hexes/Earth                  4
   d - Summon Forest                  Summoning/Translocation      5
   e - Hydra Form                     Transmutation                6
   f - Summon Hydra                   Summoning                    7
Miscellaneous
 i - a plain deck of changes {the Mercenary}
 k - a disc of storms
 C - a plain deck of wonders {the Alchemist, drawn: 1}
 E - a plain deck of wonders {Wild Magic}
 F - a box of beasts
Comestibles
 d - 19 bread rations
 X - 4 royal jellies


   Skills:
 * Level 6.4 Fighting
 - Level 6.0(10.1) Short Blades
 + Level 12.1(15.8) Dodging
 + Level 21.7(24.7) Stealth
 - Level 7.8(10.5) Shields
 * Level 21.9 Spellcasting
 * Level 3.3(6.8) Conjurations
 + Level 13.0(16.6) Hexes
 + Level 1.7(4.5) Charms
 + Level 0.4(1.9) Translocations
 + Level 6.7(10.7) Ice Magic
 * Level 7.0(11.1) Air Magic
 + Level 9.2(13.0) Evocations


You had 16 spell levels left.
You knew the following spells:

 Your Spells              Type           Power        Failure   Level  Hunger
a - Corona                Hex            #######      0%          1    None
b - Ensorcelled Hibernat  Hex/Ice        ######       0%          2    None
c - Confuse               Hex            #######.     0%          3    None
d - Dazzling Spray        Conj/Hex       ######..     1%          3    None
e - Tukima's Dance        Hex            #######.     0%          3    None
f - Cause Fear            Hex            #######...   1%          4    None
g - Silence               Hex/Air        ######....   1%          5    None
h - Invisibility          Hex            #######.     1%          6    ##.....
i - Apportation           Tloc           ####......   1%          1    None
j - Deflect Missiles      Chrm/Air       ######....   12%         6    ##.....
k - Summon Butterflies    Summ           ####....     1%          1    None
l - Discord               Hex            #######...   14%         8    ######.


Dungeon Overview and Level Annotations

Branches:
Dungeon (15/15)            Temple (1/1) D:5            Lair (8/8) D:10
  Swamp (0/4) Lair:4       Spider (0/4) Lair:3        Slime (0/6) Lair:8
    Orc (2/2) D:12            Elf (3/3) Orc:2        Vaults (0/5) D:13
 Depths (0/5) D:15

Altars:
Ashenzari
Cheibriados
Dithmenos
Elyvilon
Fedhas
Gozag
Kikubaaqudgha
Makhleb
Nemelex Xobeh
Okawaru
Pakellas
Qazlal
Ru
Sif Muna
Trog
Vehumet
Xom
Yredelemnul
Zin
The Shining One
Beogh
Jiyva

Shops:
D:4 [:([   Orc:2 ![(*%

Annotations:
D:13 1 runed door
Lair:5 Rupert
Lair:7 Kirke


Innate Abilities, Weirdness & Mutations

You are tiny and cannot use many weapons and most armour.
You have supernaturally acute eyesight.
You are a herbivore.
You cover ground extremely quickly.
You need consume almost no food.
You have a pair of horns on your head.
You are agile. (Dex +2)
Your flesh is cold resistant.
You passively map a small area around you.


Message History

The Executioner hits you.
* * * LOW HITPOINT WARNING * * *
The Executioner completely misses you. x2
The Executioner hits you but does no damage.
The Executioner misses you. The Executioner hits you!!
* * * LOW HITPOINT WARNING * * *
The Executioner barely misses you. You block the Executioner's attack.
The deep elf annihilator gestures wildly while chanting.
The deep elf annihilator blinks!
You block the Executioner's attack. The Executioner misses you.
The Executioner hits you but does no damage.
The deep elf annihilator points at you and mumbles some strange words.
The poison arrow misses you. The Executioner completely misses you.
You block the Executioner's attack. The Executioner closely misses you.
The deep elf sorcerer shimmers violently.
You see here a cursed -1 dagger.
You block the Executioner's attack. x2; The Executioner barely misses you.
The Executioner hits you.
You die...

#####........#############.....[
#####/..[....########### #......
#####....).)#..######### ###..<[
######.....)...######### ###.#
#############..######### ###
#############...#########
#############.#.##########
###############...#########
###############@..##########
##############.1..###########
################.############
###.############)############,
##.....########.....########.., ,
#.......######..[....######... ,
..........##.....e.[...##..... ,
.)........##.{..{..)...##..... ,
....#.....##e........).##.....*,,


You could see an Executioner and a deep elf sorcerer.

Vanquished Creatures
  3 deep elf blademasters
  A deep elf master archer (Elf:3)
  5 deep elf sorcerers (Elf:3)
  Wiglaf (Elf:3)
  2 orc warlords
  Aizul (Elf:1)
  6 deep elf elementalists (Elf:3)
  6 deep elf demonologists
  8 deep elf annihilators (Elf:3)
  Azrael (Orc:2)
  A minotaur (Lab)
  3 vault guards (D:13)
  4 deep elf death magi
  A deep elf high priest (Elf:1)
  7 hydras
  3 centaur warriors
  A catoblepas (Lair:4)
  2 tengu warriors (D:14)
  5 death yaks (Lair:7)
  A large abomination (Elf:1)
  29 dancing weapons
  Urug (D:14)
  2 orc high priests
  Sonja (D:13)
  15 deep elf knights
  Nergalle (Lair:3)
  An unseen horror (shapeshifter) (D:14)
  A giant orange brain (D:15)
  2 wizards (D:13)
  A hill giant (D:10)
  An unseen horror (D:12)
  22 deep elf archers
  4 orc knights
  2 griffons
  2 wolf spiders
  7 orc sorcerers
  2 manticores
  An oklob plant (Lair:4)
  3 ugly things
  45 deep elf magi
  4 cyclopes
  A manticore (shapeshifter) (D:15)
  18 elephants (Lair:3)
  2 salamanders (shapeshifter)
  Joseph (Lair:1)
  6 black mambas
  A black mamba (shapeshifter) (D:15)
  3 centaur zombies
  Maurice (D:8)
  2 toenail golems
  3 gargoyles
  A torpor snail (Lair:7)
  17 spiny frogs
  A spiny frog (shapeshifter) (D:13)
  A yaktaur (D:13)
  A kobold demonologist (D:12)
  2 rime drakes
  4 komodo dragons
  2 tengu conjurers
  10 trolls
  A polar bear (shapeshifter) (D:15)
  A queen bee (Lair:1)
  9 polar bears
  3 giant leeches (Lair:4)
  4 two-headed ogres
  9 slime creatures (D:15)
  21 blink frogs
  5 raiju (Lair:8)
  10 wyverns
  A centaur simulacrum (D:14)
  2 air elementals (Elf:1)
  2 wraiths
  A hill giant zombie (D:12)
  27 yaks
  7 basilisks
  A water elemental (Elf:1)
  4 humans (Volcano)
  Eustachio (D:5)
  5 hippogriffs
  6 fire elementals (Orc:2)
  10 vampire mosquitoes
  A hungry ghost (D:12)
  7 wargs
  A soldier ant (D:12)
  Menkaure (D:7)
  2 swamp worms (Lair:4)
  Duvessa (D:5)
  10 porcupines
  29 water moccasins
  The ghost of misterX the Sneak, an amateur SpAs (D:4)
  7 hell hounds
  32 orc warriors
  4 wasps (Lair:8)
  12 ice beasts
  6 phantoms
  2 sky beasts
  16 black bears
  A necrophage (D:10)
  3 eyes of draining
  11 ogres
  15 wolves
  12 centaurs
  7 crocodiles
  5 big kobolds
  4 earth elementals
  17 giant frogs
  A water moccasin zombie (D:11)
  6 scorpions
  A wyvern skeleton (D:11)
  Dowan (D:5)
  4 wights (D:14)
  23 killer bees
  An electric eel (Lair:2)
  A troll zombie (D:12)
  6 howler monkeys
  7 crimson imps
  3 quasits
  3 giant frog zombies
  21 orc priests
  5 centaur skeletons
  17 hounds
  15 jellies
  21 orc wizards
  3 giant frog skeletons
  A gnoll shaman (D:5)
  Terence (D:3)
  12 iguanas
  11 worker ants
  4 ogre zombies (D:12)
  28 sheep
  2 hound skeletons
  A worker ant zombie (D:10)
  12 gnolls
  20 adders
  64 river rats
  3 shadow imps
  2 oozes
  An adder skeleton (D:5)
  An adder zombie (D:7)
  2 worms
  5 dart slugs
  8 giant geckos
  103 orcs
  3 ball pythons
  10 bats
  5 giant cockroaches
  17 goblins
  13 hobgoblins
  12 jackals
  5 quokkas
  A giant gecko skeleton (D:4)
  3 giant newts
  2 goblin skeletons (D:12)
  4 goblin zombies (D:12)
  27 kobolds
  An orc skeleton (D:12)
  11 orc zombies (D:12)
  9 rats
  A plant (Lair:7)
1167 creatures vanquished.

Vanquished Creatures (collateral kills)
  2 deep elf demonologists (Elf:3)
  A deep elf high priest (Elf:3)
  A deep elf knight (Elf:3)
  3 deep elf magi (Elf:3)
  A fire elemental (Elf:3)
  An orc warrior (Orc:2)
  An orc priest (Orc:2)
  An orc wizard (Orc:2)
  3 orcs (Orc:2)
14 creatures vanquished.

Vanquished Creatures (others)
  A deep elf sorcerer (Elf:3)
  A deep elf elementalist (Elf:3)
  A deep elf annihilator (Elf:3)
  2 deep elf high priests (Elf:3)
  2 deep elf magi (Elf:3)
  An orc sorcerer (Orc:2)
  A warg (Orc:2)
  An ogre (Orc:2)
  2 orc warriors (Orc:2)
  A centaur (D:11)
  2 orc priests (Orc:2)
  An orc wizard (Elf:1)
  A ball lightning (Elf:1)
  4 orcs
  A crawling corpse (Elf:1)
  68 fungi
  38 plants
128 creatures vanquished.

Grand Total: 1309 creatures vanquished

Notes
Turn   | Place    | Note
--------------------------------------------------------------
     0 | D:1      | juanjsm the Spriggan Enchanter began the quest for the Orb.
     0 | D:1      | Reached XP level 1. HP: 9/9 MP: 5/5
   442 | D:2      | Reached XP level 2. HP: 5/13 MP: 4/6
   660 | D:2      | Learned a level 2 spell: Ensorcelled Hibernation
   682 | D:2      | Found an opulent altar of Gozag.
   713 | D:3      | Reached XP level 3. HP: 16/16 MP: 8/8
   753 | D:1      | Reached skill level 5 in Stealth
  1468 | D:2      | Found a glowing golden altar of the Shining One.
  1849 | D:2      | Reached XP level 4. HP: 21/21 MP: 2/9
  2307 | D:2      | Reached skill level 1 in Shields
  2319 | D:2      | Learned a level 3 spell: Confuse
  2323 | D:2      | Learned a level 3 spell: Dazzling Spray
  2472 | D:4      | Found a deep blue altar of Sif Muna.
  2577 | D:4      | Noticed a phantom
  2583 | D:3      | Found a stormy altar of Qazlal.
  2596 | D:3      | Noticed Terence
  2601 | D:3      | Killed Terence
  2601 | D:3      | Reached XP level 5. HP: 24/24 MP: 11/11
  3008 | D:3      | Found a sacrificial altar of Ru.
  3539 | D:4      | Reached skill level 1 in Ice Magic
  3556 | D:4      | Noticed an ogre
  3580 | D:4      | Noticed misterX's ghost (amateur SpAs)
  3599 | D:4      | Found Gasmeodo's Book Shoppe.
  3602 | D:4      | Found Setzy's Armour Emporium.
  3619 | D:5      | Entered Level 5 of the Dungeon
  3681 | D:4      | Found a white marble altar of Elyvilon.
  3684 | D:4      | Found a burning altar of Makhleb.
  3725 | D:4      | Found Akott's Antique Weapon Shoppe.
  3850 | D:4      | Reached XP level 6. HP: 19/28 MP: 1/12
  3917 | D:4      | Found Sijam's Antique Armour Shop.
  4279 | D:6      | Noticed a water moccasin
  4283 | D:6      | Killed a water moccasin
  4283 | D:6      | Reached skill level 5 in Hexes
  4322 | D:6      | Noticed an orc warrior
  4359 | D:6      | Reached XP level 7. HP: 32/32 MP: 4/14
  4528 | D:5      | Found a staircase to the Ecumenical Temple.
  4534 | Temple   | Entered the Ecumenical Temple
  4554 | Temple   | Became a worshipper of Ashenzari the Shackled
  4567 | Temple   | Learned a level 3 spell: Tukima's Dance
  4911 | D:4      | Reached skill level 5 in Dodging
  5051 | D:4      | Identified the cursed +0 hand axe of Regicide {drain, rPois Dex+6 Stlth+}
  5257 | D:5      | Noticed Duvessa
  5336 | D:5      | Noticed Eustachio
  5532 | D:5      | Noticed Dowan
  5829 | D:4      | Reached skill level 5 in Spellcasting
  6086 | D:4      | Killed misterX's ghost
  6086 | D:4      | Reached XP level 8. HP: 18/37 MP: 1/16
  6434 | D:4      | Found Faonurgh's Food Shop.
  6556 | D:4      | Found an oddly glowing altar of Pakellas.
  7379 | D:6      | Reached skill level 1 in Fighting
  7429 | D:6      | Reached * piety under Ashenzari
  7882 | D:7      | Upgraded the game from 0.18-b1-18-g7758cf2 to 0.18-b1-22-ge198996
  7928 | D:7      | Reached XP level 9. HP: 41/41 MP: 19/19
  8183 | D:7      | Noticed Menkaure
  8577 | D:7      | Reached skill level 10 in Stealth
  8771 | D:8      | Learned a level 4 spell: Cause Fear
  8843 | D:7      | Killed Menkaure
  9063 | D:8      | Reached ** piety under Ashenzari
  9362 | D:8      | Noticed Maurice
  9371 | D:8      | Killed Maurice
  9520 | D:8      | Found a sparkling altar of Nemelex Xobeh.
  9599 | D:8      | Found a viscous altar of Jiyva.
 10004 | D:9      | Noticed a troll
 10010 | D:9      | Killed a troll
 10010 | D:9      | Reached XP level 10. HP: 45/45 MP: 19/22
 10017 | D:9      | Learned a level 5 spell: Silence
 10214 | D:10     | Entered Level 10 of the Dungeon
 10237 | D:10     | Noticed a manticore
 10244 | D:10     | Killed a manticore
 10289 | D:10     | Found a flagged portal.
 10299 | Bailey   | Entered a bailey
 10335 | Bailey   | Noticed an orc warlord
 10517 | Bailey   | Noticed an orc knight
 10593 | Bailey   | Found a runed gate.
 10607 | Bailey   | Found a runed gate.
 10641 | Bailey   | Killed an orc knight
 10641 | Bailey   | Reached skill level 5 in Shields
 10721 | Bailey   | Found a runed gate.
 10802 | Bailey   | Killed an orc warlord
 10903 | D:10     | Found a staircase to the Lair.
 11261 | D:9      | Reached *** piety under Ashenzari
 11269 | D:10     | Noticed a hill giant
 11276 | D:10     | Killed a hill giant
 11486 | D:9      | Found a sparkling altar of Nemelex Xobeh.
 11521 | D:9      | Reached XP level 11. HP: 49/49 MP: 20/25
 11820 | Lair:1   | Entered Level 1 of the Lair of Beasts
 11821 | Lair:1   | Noticed Joseph
 11828 | Lair:1   | Killed Joseph
 11894 | Lair:1   | Noticed a five-headed hydra
 11986 | Lair:1   | Reached skill level 1 in Evocations
 12344 | Lair:2   | Reached **** piety under Ashenzari
 13655 | Lair:1   | Killed a five-headed hydra
 13710 | Lair:2   | Reached skill level 10 in Spellcasting
 14446 | Lair:2   | Reached skill level 5 in Ice Magic
 14605 | Lair:2   | Reached XP level 12. HP: 31/53 MP: 9/27
 14609 | Lair:2   | Reached skill level 5 in Evocations
 14857 | Lair:2   | Reached skill level 15 in Stealth
 14903 | Lair:2   | Noticed a six-headed hydra
 14960 | Lair:2   | Killed a six-headed hydra
 15095 | Lair:3   | Reached ***** piety under Ashenzari
 15095 | Lair:3   | Found a hole to the Spider Nest.
 15172 | Lair:3   | Noticed Nergalle
 15177 | Lair:3   | Killed Nergalle
 15378 | Lair:3   | Reached skill level 10 in Hexes
 16284 | Lair:4   | Found a staircase to the Swamp.
 16371 | Lair:4   | Noticed a four-headed hydra
 16376 | Lair:4   | Killed a four-headed hydra
 16379 | Lair:4   | Reached XP level 13. HP: 58/58 MP: 9/29
 16582 | Lair:4   | Identified the +6 battleaxe "Nach" {flame, +Inv rPois MR+ MP-9}
 17611 | Lair:5   | Learned a level 6 spell: Invisibility
 17964 | Lair:5   | Noticed Rupert
 18454 | Lair:7   | Found a stormy altar of Qazlal.
 18470 | Lair:6   | Reached ****** piety under Ashenzari
 19289 | Lair:7   | Noticed Kirke
 19453 | Lair:8   | Entered Level 8 of the Lair of Beasts
 19527 | Lair:7   | Identified the +7 shortbow of the Poles {velocity, Int+3}
 20415 | Lair:8   | Found a dark tunnel.
 20474 | Volcano  | Entered a volcano
 21323 | Lair:2   | Gained mutation: You passively map a small area around you. [potion of mutation]
 21323 | Lair:2   | Gained mutation: Your flesh is cold resistant. [potion of mutation]
 21323 | Lair:2   | Gained mutation: Your muscles are strong. (Str +2) [potion of mutation]
 21326 | Lair:2   | Gained mutation: You have a pair of small horns on your head. [potion of mutation]
 21326 | Lair:2   | Gained mutation: Your muscles are very strong. (Str +4) [potion of mutation]
 21326 | Lair:2   | Gained mutation: You are agile. (Dex +2) [potion of mutation]
 21327 | Lair:2   | Gained mutation: You have a pair of horns on your head. [potion of beneficial mutation]
 21353 | Lair:2   | Identified a scroll of acquirement
 21353 | Lair:2   | Identified the cursed +5 lajatang of Jaimal {pain, Dex+7} (You acquired it on level 2 of the Lair of Beasts)
 21384 | Lair:2   | Learned a level 1 spell: Apportation
 21505 | Lair:8   | Identified the +6 ring mail "Nainucun" {rC++}
 21588 | Lair:8   | Reached XP level 14. HP: 63/63 MP: 23/31
 21687 | Lair:8   | Reached skill level 5 in Short Blades
 21687 | Lair:8   | Reached skill level 1 in Air Magic
 21886 | Lair:8   | Found a staircase to the Slime Pits.
 22263 | Lair:8   | HP: 2/63 [blink frog (11)]
 23852 | Lair:8   | Lost mutation: Your muscles are very strong. (Str +4) [mutagenic glow]
 24047 | Lair:2   | Learned a level 6 spell: Deflect Missiles
 24049 | Lair:2   | Learned a level 1 spell: Summon Butterflies
 24463 | D:11     | Found a glowing golden altar of the Shining One.
 24567 | D:12     | Found a labyrinth entrance.
 24584 | Lab      | Entered a labyrinth
 24857 | Lab      | Reached skill level 1 in Conjurations
 24914 | D:12     | Found a staircase to the Orcish Mines.
 26365 | D:10     | Reached skill level 15 in Spellcasting
 27166 | D:5      | Killed Eustachio
 27233 | D:5      | Killed Dowan
 27234 | D:5      | Killed Duvessa
 27650 | Lair:2   | Learned a level 8 spell: Discord
 27811 | Orc:1    | Entered Level 1 of the Orcish Mines
 27838 | Orc:2    | Entered Level 2 of the Orcish Mines
 28251 | Orc:1    | Found a radiant altar of Vehumet.
 28401 | Orc:2    | Noticed Azrael
 28475 | Orc:2    | Found Gicano Idwam's Distillery.
 28588 | Orc:2    | Found a staircase to the Elven Halls.
 28605 | Orc:2    | Found a roughly hewn altar of Beogh.
 28674 | Orc:2    | Killed Azrael
 28759 | Orc:2    | Found a roughly hewn altar of Beogh.
 28760 | Orc:2    | Found Dehawania's Food Shoppe.
 28830 | Orc:2    | Found a roughly hewn altar of Beogh.
 28837 | Orc:2    | Reached XP level 15. HP: 67/67 MP: 31/36
 28983 | Orc:2    | Found a roughly hewn altar of Beogh.
 29002 | Orc:2    | Found Asoad's Assorted Antiques.
 29123 | Orc:2    | Found Viebyseo's Antique Weapon Emporium.
 29123 | Orc:2    | Found a roughly hewn altar of Beogh.
 29123 | Orc:2    | Found Xobo's Antique Armour Shoppe.
 29123 | Orc:2    | Noticed an orc warlord
 29180 | Orc:2    | Killed an orc warlord
 29262 | Orc:2    | Bought a runed cloak for 130 gold pieces
 29262 | Orc:2    | Bought a glowing cloak for 130 gold pieces
 29326 | Orc:2    | Bought a potion of curing for 36 gold pieces
 29326 | Orc:2    | Bought a potion of curing for 36 gold pieces
 29326 | Orc:2    | Bought a potion of flight for 36 gold pieces
 29326 | Orc:2    | Bought a potion of curing for 36 gold pieces
 29384 | Orc:2    | Bought a bread ration for 70 gold pieces
 29384 | Orc:2    | Bought a bread ration for 70 gold pieces
 29384 | Orc:2    | Bought a bread ration for 70 gold pieces
 29384 | Orc:2    | Bought a bread ration for 70 gold pieces
 29384 | Orc:2    | Bought a bread ration for 70 gold pieces
 30006 | D:13     | Identified the +3 shortbow of Inference {flame, rElec rPois rF- Str+10}
 30058 | D:13     | Noticed Sonja
 30065 | D:13     | Killed Sonja
 30177 | D:13     | Identified the ring of Rangief {rCorr MR+}
 30237 | D:15     | Entered Level 15 of the Dungeon
 30925 | D:14     | Noticed Urug
 31032 | D:14     | Killed Urug
 31323 | D:13     | Found a runed door.
 31324 | D:13     | Noticed a fire giant
 31785 | D:13     | Found a gate to the Vaults.
 32086 | D:15     | Found an iron altar of Okawaru.
 32682 | D:15     | Found a staircase to the Depths.
 33332 | Elf:1    | Entered Level 1 of the Elven Halls
 33513 | Elf:1    | Found a flickering gateway to a bazaar.
 33583 | Elf:1    | Noticed Aizul
 33588 | Elf:1    | Killed Aizul
 33605 | Bazaar   | Entered a bazaar
 33606 | Bazaar   | Found Otruthroph's Jewellery Emporium.
 33606 | Bazaar   | Found Qunois's Book Emporium.
 33607 | Bazaar   | Found Vuaqikhli's Antique Armour Shop.
 33616 | Bazaar   | Found Duxkoanu's Weapon Boutique.
 33680 | Bazaar   | Bought a book of Flames for 315 gold pieces
 33707 | Bazaar   | Bought a brightly glowing cloak for 313 gold pieces
 33707 | Bazaar   | Identified the cursed -3 cloak of Ammui {Int+6 Stlth+} (You bought it in a shop in a bazaar)
 33718 | Bazaar   | Bought the amulet of Subirol {+Rage rElec rPois rF+} for 782 gold pieces
 33758 | Elf:1    | Reached XP level 16. HP: 71/71 MP: 42/42
 33919 | Elf:1    | Reached skill level 10 in Dodging
 34496 | Elf:1    | Noticed a Brimstone Fiend
 35585 | Elf:2    | Identified the +6 broad axe of Anguish {flame, Int+3}
 36101 | Elf:2    | Found a radiant altar of Vehumet.
 36197 | Elf:3    | Entered Level 3 of the Elven Halls
 36392 | Elf:2    | Found a runed gate.
 36392 | Elf:2    | Found a runed gate.
 36392 | Elf:2    | Found a runed gate.
 36498 | Elf:2    | Reached skill level 5 in Air Magic
 36612 | Elf:2    | Lost mutation: Your muscles are strong. (Str +2) [mutagenic glow]
 36807 | Elf:2    | Noticed a deep elf blademaster
 36815 | Elf:2    | Killed a deep elf blademaster
 37311 | Elf:2    | Reached skill level 5 in Fighting
 37311 | Elf:2    | Reached XP level 17. HP: 80/80 MP: 43/43
 37791 | Elf:3    | Reached skill level 1 in Charms
 38254 | Elf:3    | Noticed an Ice Fiend
 38254 | Elf:3    | Noticed a deep elf blademaster
 38259 | Elf:3    | Noticed a deep elf blademaster
 38259 | Elf:3    | Noticed Wiglaf
 38531 | Elf:3    | Killed a deep elf blademaster
 38578 | Elf:3    | HP: 4/80 [deep elf sorcerer/damnation (17)]
 40201 | Elf:3    | Noticed a deep elf master archer
 40213 | Elf:3    | Killed a deep elf master archer
 40634 | Elf:3    | Killed Wiglaf
 40634 | Elf:3    | Identified the +3 shield of Sarhare {Int+2} (You took it off Wiglaf on level 3 of the Elven Halls)
 40972 | Elf:3    | Killed a deep elf blademaster
 40985 | Elf:3    | Noticed a Hell Sentinel
 40997 | Elf:3    | HP: 2/82 [Executioner[a deep elf demonologist] (20)]
 41002 | Elf:3    | Slain by an Executioner

Skill      XL: |  1  2  3  4  5  6  7  8  9 10 11 12 13 14 15 16 17 |
---------------+----------------------------------------------------+-----
Hexes          | 4 5 6 7 8 9 10 11 12 13 | 13.0
Stealth        | 5 6 7 8 9 11 13 14 16 18 19 20 21 | 21.7
Spellcasting   | 3 4 5 6 7 9 10 11 12 16 21 | 21.9
Shields        | 1 2 3 4 5 6 7 |  7.8
Dodging        | 4 5 6 7 8 9 10 12 | 12.1
Ice Magic      | 1 2 3 4 5 6 |  6.7
Short Blades   | 2 3 4 6 |  6.0
Fighting       | 1 2 5 6 |  6.4
Evocations     | 4 7 9 |  9.2
Air Magic      | 3 6 7 |  7.0
Conjurations   | 1 3 |  3.3
Charms         | 1 |  1.7
Translocations | |  0.4

Action                   |  1- 3 |  4- 6 |  7- 9 | 10-12 | 13-15 | 16-18 || total
-------------------------+-------+-------+-------+-------+-------+-------++-------
Melee: Dagger            |   139 |   115 |   257 |   338 |   475 |       ||  1324
       Quick blade       |       |       |       |       |   678 |   818 ||  1496
       Headbutt          |       |       |       |       |   109 |   117 ||   226
Throw: Tomahawk          |       |       |       |     2 |       |       ||     2
 Cast: Corona            |    10 |       |       |       |       |       ||    10
       Ensorcelled Hiber |    13 |    49 |   118 |   216 |   364 |    21 ||   781
       Confuse           |       |     1 |    27 |    25 |    90 |     6 ||   149
       Dazzling Spray    |       |       |     5 |     8 |    17 |    11 ||    41
       Cause Fear        |       |       |       |     1 |     1 |       ||     2
       Invisibility      |       |       |       |       |    13 |    20 ||    33
       Deflect Missiles  |       |       |       |       |     1 |     4 ||     5
       Summon Butterflie |       |       |       |       |     1 |       ||     1
       Silence           |       |       |       |       |     1 |    13 ||    14
       Discord           |       |       |       |       |     1 |     2 ||     3
       Apportation       |       |       |       |       |       |     2 ||     2
Invok: Curse Item        |       |       |     3 |     3 |     5 |     1 ||    12
       Scrying           |       |       |       |     3 |     7 |    13 ||    23
       Transfer Knowledg |       |       |       |       |     1 |       ||     1
       End Transfer Know |       |       |       |       |     1 |       ||     1
Evoke: Deck              |       |       |       |       |       |     1 ||     1
  Use: Scroll            |       |     5 |    12 |     9 |    26 |     4 ||    56
       Potion            |       |     2 |       |     2 |    11 |    12 ||    27
 Stab: Sleeping          |    19 |    44 |    86 |   158 |   407 |    52 ||   766
       Distracted        |     1 |       |     2 |     5 |     7 |     4 ||    19
       Confused          |       |     2 |    16 |    11 |    46 |     2 ||    77
       Invisible         |       |       |     1 |     2 |    68 |    64 ||   135
       Fleeing           |       |       |       |       |     2 |       ||     2
  Eat: Bread ration      |       |     1 |       |     1 |       |       ||     2
       Pizza             |       |       |     2 |     1 |     3 |       ||     6
       Fruit             |       |       |     2 |       |    12 |     1 ||    15
       Royal jelly       |       |       |       |       |     3 |     6 ||     9
Armor: Robe              |    18 |     8 |    27 |    17 |    30 |    23 ||   123
Dodge: Dodged            |   104 |    69 |   218 |   288 |   413 |   279 ||  1371
       Deflected         |       |       |       |       |     1 |     4 ||     5
Block: Buckler           |       |       |       |       |   361 |   204 ||   565
       Reflection        |       |       |       |       |     5 |       ||     5
